 Dungeon Crawl Stone Soup version 0.30-a0-715-gdb4ae3ece1 (webtiles) character file.

Game seed: 4782284731686662430

5197 Newt the Chucker (level 10, -1/114 HPs)
             Began as a Demonspawn Gladiator on Jan 23, 2023.
             Was a Priest of Okawaru.
             Slain by a hound (2 damage)
             ... on level 11 of the Dungeon on Jan 24, 2023.
             The game lasted 00:12:46 (9210 turns).

Newt the Chucker (Demonspawn Gladiator)             Turns: 9210, Time: 00:12:47

Health: -1/114     AC: 29    Str: 18    XL:     10   Next: 34%
Magic:  13/13      EV:  2    Int: 10    God:    Okawaru [***...]
Gold:   353        SH:  4    Dex: 21    Spells: 9/9 levels left

rFire   . . .      SeeInvis .    d - +5 halberd (freeze)
rCold   . . .      Faith    .    (shield currently unavailable)
rNeg    . . .      Spirit   .    (body armour currently unavailable)
rPois   +          Reflect  .    (helmet unavailable)
rElec   .          Harm     .    (cloak currently unavailable)
rCorr   .          Rampage  .    (gloves currently unavailable)
Will    .....      NoTele   +    (boots currently unavailable)
Stlth   ++                       (no amulet)
HPRegen 0.39/turn                g - +6 ring of dexterity
MPRegen 0.13/turn                i - ring of poison resistance

@: mighty, brilliant, tree-form, on berserk cooldown, slowed, very slow
A: stationary, stasis, torment immunity, boosted hp, (horns 3), icemail 1,
condensation shield, (demonic touch 1)
a: Renounce Religion, Heroism


You were on level 11 of the Dungeon.
You worshipped Okawaru.
Okawaru was most pleased with you.
You were a tree.
You visited 2 branches of the dungeon, and saw 12 of its levels.

You collected 602 gold pieces.
You spent 249 gold pieces at shops.

Inventory:

Hand Weapons
 a - a +0 rapier
 d - a +5 halberd of freezing (weapon)
 o - a +1 heavy hand axe
 p - a +2 dagger of pain
 s - a +4 dagger
Missiles
 w - 6 boomerangs (quivered)
 F - a throwing net
Armour
 b - a +1 leather armour (melded)
 c - a +0 helmet
 e - an orb of energy
 x - a +1 cloak (melded)
 B - a +2 pair of boots (melded)
 C - a +1 pair of gloves of hurling (melded)
Jewellery
 g - a +6 ring of dexterity (left branch)
 i - a ring of poison resistance (right branch)
 k - a ring of wizardry
Wands
 l - a wand of digging (6)
 u - a wand of paralysis (10)
 E - a wand of flame (29)
Scrolls
 v - 2 scrolls of blinking
 y - 2 scrolls of fog
 A - a scroll of fear
 D - 5 scrolls of teleportation
 G - a scroll of identify
 H - a scroll of poison
Potions
 f - 3 potions of might
 j - 3 potions of haste
 m - a potion of degeneration
 q - 3 potions of brilliance
 r - a potion of lignification
 t - 2 potions of flight
 z - a potion of magic


   Skills:
 - Level 6.0 Fighting
 - Level 4.0 Short Blades
 + Level 3.8 Polearms
 - Level 7.0 Throwing
 - Level 6.0 Armour
 - Level 4.0 Dodging
 - Level 2.4 Stealth
 - Level 4.0 Unarmed Combat
 - Level 1.3 Necromancy
 - Level 5.0 Invocations
 - Level 4.0 Evocations


You had 9 spell levels left.
You didn't know any spells.
Your spell library contained the following spells:

 Spells                   Type           Power      Damage    Failure   Level
 Ensorcelled Hibernation  Hex/Ice        0%         N/A       50%         2
 Passwall                 Tmut/Erth      0%         N/A       50%         2
 Frozen Ramparts          Ice            0%         1d1       75%         3
 Swiftness                Air            0%         N/A       75%         3
 Ice Form                 Ice/Tmut       0%         N/A       98%         4
 Summon Ice Beast         Ice/Summ       Unusable   N/A       N/A         4

Dungeon Overview and Level Annotations

Branches:
Dungeon (11/15)            Temple (1/1) D:7
   Lair: D:8-11         Orc: D:9-12

Altars:
Ashenzari
Cheibriados
Dithmenos
Fedhas
Hepliaklqana
Kikubaaqudgha
Makhleb
Nemelex Xobeh
Okawaru
Qazlal
Ru
Sif Muna
Trog
Uskayaw
Vehumet
Wu Jian
Yredelemnul

Shops:
D:3 *[*[   D:6 ?   D:7 [   D:10 (


Innate Abilities, Weirdness & Mutations

You are a tree.
Your roots penetrate the ground, keeping you stationary.
You cannot be teleported.
You are immune to unholy pain and torment.
Your maximum health is greatly increased.
Your equipment is partially melded.
((You have a pair of large horns on your head.))
A meltable icy envelope protects you from harm. (AC +4)
A meltable shield of frost defends you. (SH +4)
((Your touch may inflict minor irresistible damage on your foes.))


Message History

You feel much better.
The hound bites you but does no damage. x3
The troll bites you but does no damage. The troll claws you but does no damage.
The troll claws you. Something hits you but does no damage.
Something bites you but does no damage.
The hound bites you but does no damage. x2
You feel clever all of a sudden.
The hound bites you but does no damage. x2
The troll bites you but does no damage. The troll claws you! x2
Something hits you but does no damage. Something bites you but does no damage.
The hound bites you. The hound bites you but does no damage.
The troll bites you but does no damage.
The troll claws you but does no damage. x2
Something hits you. Something bites you!
* * * LOW HITPOINT WARNING * * *
Something draws strength from your injuries!
The hound bites you but does no damage.
You cannot move. (Use ctrl+direction or * direction to attack while stationary and confused.)
You are too confused!
Unknown command.
You miss the troll.
The troll is severely wounded.
The hound bites you.
* * * LOW HITPOINT WARNING * * *
The hound bites you but does no damage. x2
The troll bites you but does no damage. The troll claws you!
* * * LOW HITPOINT WARNING * * *
The troll claws you but does no damage. Something hits you!
* * * LOW HITPOINT WARNING * * *
Something bites you but does no damage.
The hound bites you but does no damage. x2
Something hits you but does no damage. Something bites you but does no damage.
The troll bites you but does no damage. The troll claws you but does no damage.
The troll claws you.
* * * LOW HITPOINT WARNING * * *
You puncture the troll! You freeze the troll.
The troll is almost dead.
You feel less confused. The hound bites you.
* * * LOW HITPOINT WARNING * * *
The hound bites you.
* * * LOW HITPOINT WARNING * * *
The hound bites you.
You die...

##########
#.h.....[#
#♣T......#
#{h......+
#W.).....#
#........#
.'.......[#
###........#
##.........
#........~
#...~..~.~


You could see a troll, a wraith and 2 hounds.

Vanquished Creatures
  An efreet (D:11)
  3 hornets
  A shadow (D:9)
  3 yaks
  A wraith (D:9)
  3 steam dragons
  A water moccasin (D:5)
  2 black bears
  2 wolves (D:11)
  An ogre (D:6)
  4 phantoms
  Blork the orc (D:4)
  A kobold brigand (D:7)
  A necrophage (D:6)
  6 bullfrogs
  2 gnoll sergeants
  6 scorpions
  5 wights (D:8)
  4 howler monkeys
  2 jellies
  7 hounds
  2 orc priests
  4 iguanas
  8 orc wizards
  13 gnolls
  7 adders
  2 white imps (D:5)
  2 worms
  A dart slug (D:5)
  30 orcs
  10 endoplasms
  3 giant cockroaches
  7 goblins
  5 hobgoblins
  10 jackals
  A quokka (D:2)
  3 ball pythons
  2 bats (D:2)
  5 frilled lizards
  17 kobolds
  8 rats
197 creatures vanquished.

Vanquished Creatures (others)
  2 fungi (D:2)
2 creatures vanquished.

Grand Total: 199 creatures vanquished

Notes
Turn   | Place    | Note
-------+----------+-------------------------------------------
     0 | D:1      | Newt the Demonspawn Gladiator began the quest for the Orb.
     0 | D:1      | Reached XP level 1. HP: 16/16 MP: 1/1
    48 | D:1      | Reached skill level 1 in Stealth
   182 | D:1      | Discovered your monstrous ancestry.
   182 | D:1      | Gained mutation: Your touch may inflict minor irresistible
                  | damage on your foes. [demonic ancestry]
   182 | D:1      | Reached XP level 2. HP: 14/22 MP: 2/2
  1003 | D:2      | Gained mutation: You have a pair of small horns on your
                  | head. [demonic ancestry]
  1003 | D:2      | Reached XP level 3. HP: 27/28 MP: 3/3
  1245 | D:2      | Found a faded altar of an unknown god.
  1515 | D:2      | Gained mutation: A meltable shield of frost defends you.
                  | (SH +4) [demonic ancestry]
  1515 | D:2      | Reached XP level 4. HP: 37/37 MP: 4/4
  2236 | D:3      | Found Qazorest's Armour Emporium.
  2296 | D:3      | Found Ecvoevvi's General Store.
  2321 | D:3      | Found Nuadula's Antique Armour Shoppe.
  2338 | D:3      | Bought a scroll of identify for 26 gold pieces
  2466 | D:3      | Found Orimomit's Assorted Antiques.
  2508 | D:3      | Bought a scroll labelled GULOIR AKKO for 28 gold pieces
  2747 | D:4      | Noticed a phantom
  2751 | D:4      | Reached XP level 5. HP: 42/42 MP: 5/5
  2774 | D:4      | Noticed Blork the orc
  2780 | D:4      | Killed Blork the orc
  2781 | D:4      | Reached skill level 1 in Evocations
  2837 | D:4      | Noticed a phantom
  2847 | D:4      | Killed a phantom
  2848 | D:4      | Gained mutation: A meltable icy envelope protects you from
                  | harm. (AC +4) [demonic ancestry]
  2848 | D:4      | Reached XP level 6. HP: 48/48 MP: 6/6
  3059 | D:4      | Reached skill level 5 in Fighting
  3059 | D:4      | Gained mutation: You have a pair of horns on your head.
                  | [demonic ancestry]
  3059 | D:4      | Reached XP level 7. HP: 48/56 MP: 7/7
  3473 | D:3      | Bought a runed cloak for 195 gold pieces
  3548 | D:5      | Entered Level 5 of the Dungeon
  3604 | D:5      | Reached skill level 1 in Armour
  4033 | D:5      | Reached XP level 8. HP: 53/64 MP: 8/8
  4123 | D:5      | Reached skill level 1 in Necromancy
  4225 | D:5      | Reached skill level 1 in Unarmed Combat
  5573 | D:6      | Found Ecuiviso's Magic Scroll Boutique.
  5956 | D:7      | Found Lemakim's Antique Armour Boutique.
  6016 | D:7      | Found a staircase to the Ecumenical Temple.
  6045 | Temple   | Entered the Ecumenical Temple
  6220 | Temple   | Became a worshipper of Warmaster Okawaru
  6288 | D:7      | Found a shimmering blue altar of Sif Muna.
  6422 | D:7      | Reached skill level 5 in Armour
  6422 | D:7      | Gained mutation: You have a pair of large horns on your
                  | head. [demonic ancestry]
  6422 | D:7      | Reached XP level 9. HP: 19/69 MP: 9/9
  6850 | D:7      | Found an ancient bone altar of Kikubaaqudgha.
  6886 | D:7      | Found a hazy altar of Hepliaklqana.
  7058 | D:7      | Reached skill level 2 in Throwing
  7131 | D:7      | Reached * piety under Okawaru
  7344 | D:7      | Reached skill level 3 in Throwing
  7668 | D:8      | Reached skill level 4 in Throwing
  7747 | D:8      | Reached skill level 5 in Throwing
  7774 | D:8      | Paralysed by a hornet for 1 turns
  8175 | D:8      | Reached skill level 6 in Throwing
  8296 | D:9      | Reached ** piety under Okawaru
  8478 | D:9      | Reached skill level 7 in Throwing
  8478 | D:9      | Reached skill level 1 in Invocations
  8563 | D:9      | Reached XP level 10. HP: 73/76 MP: 10/12
  8663 | D:9      | Paralysed by a hornet for 2 turns
  8927 | D:9      | Found a broken altar of Ashenzari.
  8957 | D:9      | Reached skill level 5 in Invocations
  9101 | D:10     | Entered Level 10 of the Dungeon
  9101 | D:10     | Found Wahuihovi's Weapon Shoppe.
  9150 | D:10     | Reached skill level 1 in Polearms
  9162 | D:11     | Reached *** piety under Okawaru
  9209 | D:11     | HP: 4/114 [troll (6)]
  9210 | D:11     | HP: 1/114 [hound (1)]
  9210 | D:11     | Slain by a hound

Illustrated notes

Levels and vault maps discovered:
D:1:      dpeg_arrival_radiant, layout_loops_ring, minmay_misc_feat_encased
D:2:      layout_basic, shapermc_ecumenical_altar_mp_urbaneastern, basic_altar,
          minmay_heptomino_l4
D:3:      layout_loops_ring, serial_shops, shop, nicolae_shop_advertising_works
          [nicolae_subvault_shop_adworks], nicolae_shop_window_shopping,
          nicolae_shop_temple_entry_statues_fountains
D:4:      layout_cave_pools, kennysheep_generic_room_14, uniq_blork_the_orc
D:5:      layout_layer_cave, cheibrodos_gnoll_hut
D:6:      layout_basic, serial_shops, nicolae_stop_n_shop_1,
          kennysheep_generic_room_9
D:7:      layout_layer_cave, mainiacjoe_overflow_tiny_flanked,
          nzn_hepliaklqana_mist_gate, mainiacjoe_overflow_brackets,
          minmay_temple_entry_purple_smoke, serial_shops,
          nicolae_shop_hallway_stairs
D:8:      layout_loops_ring
D:9:      layout_small_grid, mainiacjoe_overflow_divided_tiny,
          mainiacjoe_overflow_catwalk, minmay_nine_imps
D:10:     layout_cave_pools, erik_orc_4, serial_shops, shop, uniq_snorg
D:11:     layout_roguey, erik_lair_island
Temple:   nicolae_temple_slightly_damp_pantheon

Skill      XL: |  1  2  3  4  5  6  7  8  9 10 |
---------------+-------------------------------+-----
Stealth        | 1 2 |  2.4
Fighting       | 3 4 5 6 |  6.0
Dodging        | 3 4 |  4.0
Evocations     | 2 4 |  4.0
Armour         | 3 5 6 |  6.0
Necromancy     | 1 |  1.3
Unarmed Combat | 4 |  4.0
Short Blades   | 4 |  4.0
Throwing       | 7 |  7.0
Invocations    | 2 5 |  5.0
Polearms       | 3 |  3.8

Action                     |  1- 3 |  4- 6 |  7- 9 | 10-12 || total
---------------------------+-------+-------+-------+-------++-------
  Melee: Rapier            |    69 |       |       |       ||    69
         Touch             |    18 |    19 |    59 |     2 ||    98
         Dagger            |    21 |    90 |   280 |     6 ||   397
         Headbutt          |     5 |    12 |    68 |     4 ||    89
         Punch             |     1 |       |     2 |       ||     3
         Halberd           |       |       |       |    38 ||    38
  Throw: Throwing net      |       |       |     7 |     1 ||     8
         Javelin           |       |       |     3 |       ||     3
         Boomerang         |       |       |    43 |    24 ||    67
    Use: Scroll            |     2 |     9 |     8 |       ||    19
         Potion            |       |     1 |     1 |     7 ||     9
   Stab: Sleeping          |     4 |     8 |     5 |       ||    17
         Held in net/web   |       |       |     1 |       ||     1
         Distracted        |       |       |     1 |       ||     1
 Armour: Leather armour    |    14 |    11 |    83 |    25 ||   133
         Skin              |       |       |       |   114 ||   114
  Dodge: Dodged            |    39 |    47 |   160 |    29 ||   275
  Block: Other             |       |    12 |    46 |     7 ||    65

Table legend: (Time is in decaauts)
 A = Elapsed time spent in this place.
 B = Non-inter-level travel time spent in this place.
 C = Inter-level travel time spent in this place.
 D = Time resting spent in this place.
 E = Time spent auto-exploring this place.
 F = Levels seen in this place.
 G = Mean time per level.
                   A        B        C        D        E       F      G
               +--------+--------+--------+--------+--------+-----+--------+
         Total |   9176 |   8393 |    783 |    411 |   6618 |  12 |  764.7 |
       Dungeon |   8986 |   8227 |    759 |    411 |   6469 |  11 |  816.9 |
        Temple |    189 |    166 |     23 |      0 |    149 |   1 |  189.0 |
               +--------+--------+--------+--------+--------+-----+--------+

Top non-repeatable levels by time:
     D:2: 1448 daAuts
     D:5: 1432 daAuts
     D:7: 1347 daAuts
     D:6: 954 daAuts
     D:9: 812 daAuts
     D:8: 783 daAuts
     D:1: 719 daAuts
     D:4: 712 daAuts
     D:3: 660 daAuts
  Temple: 189 daAuts
    D:11: 64 daAuts
    D:10: 50 daAuts
